Map: Cyber Forest LE

Players

Rico

  • Race: Terran Terran
  • League: Bronze
  • Spawn Location: 5:00

Throwfordays - Winner!

  • Race: Zerg Zerg
  • League: Silver
  • Spawn Location: 11:00

VOD

Have the link to the VOD?

Description

Time

  • Played on: March 20, 2019, 10:39 p.m.
  • Length: 10:29
Show
View Real Time Build Order
Export as new Build Order

Rico Terran 

Build Orders: 2 Factory 

Get SALT Encoding   

  12  0:05  SCV  
  13  0:17  SCV  
  14  0:26  Supply Depot  
  14  0:36  Refinery, SCV  
  15  0:49  Barracks  
  15  0:51  SCV  
  16  1:03  SCV  
  17  1:15  SCV  
  18  1:31  SCV  
  19  1:37  Supply Depot  
  19  1:39  Marine  
  20  1:44  Orbital Command  
  20  1:54  Factory  
  20  2:14  SCV  
  20  2:15  Marine  
  22  2:24  Barracks  
  22  2:26  SCV  
  22  2:33  Marine  
  23  2:38  SCV  
  24  2:49  Supply Depot, Factory Tech Lab  
  24  2:50  SCV  
  24  2:51  Marine  
  26  2:59  Factory  
  26  3:02  SCV  
  27  3:09  Marine  
  27  3:11  Hellion  
  30  3:13  Marine  
  30  3:19  SCV  
  32  3:26  Marine  
  32  3:30  Supply Depot  
  32  3:33  Marine, Hellion  
  34  3:44  Marine  
  32  3:49  Factory Tech Lab  
  32  3:51  Infernal Pre-Igniter  
  32  3:54  SCV  
  33  3:57  Hellion  
  33  3:58  Marine  
  36  4:06  SCV, Engineering Bay  
  36  4:09  Hellion  
  39  4:15  Marine  
  39  4:16  Marine  
  41  4:25  Refinery  
  41  4:27  Hellion  
  43  4:32  Marine  
  43  4:34  Hellion  
  43  4:37  Marine  
  47  4:40  Terran Infantry Weapons Level 1  
  47  4:57  Supply Depot  
  47  5:18  Marine, SCV  
  47  5:19  Hellion x2, Command Center  
  47  5:20  Marine  
  54  5:34  Supply Depot  
  54  5:36  Marine  
  55  5:56  Marine, SCV, Hellion x2  
  61  5:57  Marine  
  61  5:58  Supply Depot  
  56  6:08  SCV  
  53  6:13  Marine  
  53  6:15  Marine  
  58  6:18  Siege Tank  
  58  6:20  Siege Tank  
  58  6:23  SCV  
  62  6:31  Marine  
  63  6:35  Terran Infantry Armor Level 1, SCV  
  64  6:41  Armory  
  64  6:42  SCV  
  65  6:49  Marine  
  64  6:54  SCV  
  65  7:07  Marine  
  68  7:08  Hellion  
  68  7:09  Hellion  
  68  7:13  Marine  
  71  7:21  Supply Depot  
  71  7:25  Marine  
  71  7:26  Orbital Command  
  74  7:30  Hellion  
  74  7:31  Marine  
  74  7:32  SCV  
  76  7:42  Marine  
  76  7:43  Starport  
  77  7:44  SCV  
  77  7:50  Marine  
  79  7:56  SCV  
  80  7:58  SCV  
  80  8:00  Marine  
  82  8:08  Marine  
  82  8:09  SCV  
  82  8:10  SCV  
  85  8:14  Thor  
  91  8:21  SCV  
  91  8:23  Marine, SCV  
  94  8:31  Supply Depot  
  94  8:40  Starport  
  94  8:52  Marine, SCV, Medivac  
  98  9:02  Marine  
  99  9:04  SCV  
  100  9:10  Marine  
  78  9:20  Marine  
  64  9:25  Siege Tank  
  64  9:26  Siege Tank  
  64  9:27  Marine  
  71  9:38  Marine  
  71  9:39  SCV  
  67  9:45  Marine, Supply Depot  
  54  9:55  Marine  
  49  10:11  Starport Tech Lab x2  
Show
View Real Time Build Order
Export as new Build Order

Throwfordays Zerg - Winner!

Build Orders: Hatch First 

Get SALT Encoding   

  12  0:01  Drone  
  13  0:08  Drone  
  14  0:34  Hatchery  
  13  0:37  Drone  
  14  0:45  Overlord  
  14  1:02  Spawning Pool  
  14  1:03  Drone  
  14  1:08  Drone  
  15  1:11  Extractor  
  15  1:14  Drone  
  15  1:20  Drone  
  16  1:26  Overlord  
  16  1:37  Drone  
  17  1:49  Drone  
  17  1:50  Queen  
  17  1:53  Drone  
  21  1:59  Queen  
  23  2:05  Zergling x2  
  24  2:11  Zergling x2  
  25  2:16  Drone x2  
  27  2:39  Drone x2  
  27  2:40  Drone  
  27  2:43  Zergling x4  
  27  2:44  Zergling x2  
  33  2:46  Metabolic Boost  
  33  2:55  Drone  
  34  2:59  Drone x2  
  34  3:02  Overlord  
  36  3:17  Evolution Chamber  
  36  3:18  Baneling Nest  
  34  3:22  Drone x2  
  34  3:26  Overlord x2  
  36  3:28  Drone x3  
  36  3:47  Zergling x8  
  38  3:52  Zergling x4  
  38  3:53  Zergling x2  
  41  3:55  Queen  
  41  3:57  Queen  
  41  3:59  Zerg Melee Weapons Level 1  
  45  4:03  Evolution Chamber  
  45  4:08  Zergling x4, Extractor  
  45  4:15  Baneling x2  
  45  4:16  Baneling  
  45  4:18  Baneling  
  45  4:24  Drone x2  
  45  4:26  Drone x3  
  45  4:27  Drone x2  
  52  4:36  Drone  
  53  4:41  Extractor  
  53  4:43  Extractor  
  53  4:44  Drone x2  
  53  4:47  Zerg Missile Weapons Level 1  
  53  4:54  Overlord x2  
  54  5:00  Zergling x6  
  54  5:03  Zergling x4  
  58  5:09  Drone  
  58  5:10  Drone  
  60  5:19  Zergling x4  
  62  5:22  Zergling x4  
  62  5:25  Baneling x4  
  62  5:26  Baneling x3  
  64  5:38  Roach Warren  
  64  5:42  Lair  
  63  5:45  Drone x3  
  63  5:47  Drone x2  
  63  5:49  Drone  
  69  5:50  Drone  
  69  5:51  Drone  
  69  5:55  Zergling x6  
  65  6:12  Zergling x2  
  65  6:15  Zergling x6  
  69  6:24  Zergling x2  
  70  6:36  Hatchery  
  69  6:42  Zerg Ground Armor Level 1  
  69  6:43  Zerg Melee Weapons Level 2  
  69  6:45  Centrifical Hooks  
  69  6:46  Glial Reconstitution  
  61  6:58  Roach  
  61  6:59  Roach x4  
  71  7:04  Roach x2  
  71  7:07  Overlord x3  
  71  7:08  Overlord  
  75  7:18  Zergling x2  
  76  7:36  Evolution Chamber  
  75  7:40  Infestation Pit  
  75  7:43  Roach x3  
  80  7:45  Roach x2  
  80  7:46  Roach  
  80  7:51  Zergling x10  
  90  7:55  Drone  
  90  7:56  Queen  
  94  8:12  Roach x2  
  98  8:21  Tunneling Claws  
  98  8:23  Burrow  
  98  8:25  Pneumatized Carapace  
  98  8:28  Roach x2  
  98  8:29  Roach x3  
  98  8:31  Drone x3  
  98  8:33  Drone x3  
  114  8:39  Overlord  
  114  8:49  Extractor  
  114  8:50  Drone  
  114  8:51  Extractor  
  113  8:57  Overlord x2  
  113  8:58  Overlord  
  106  9:26  Drone x2  
  106  9:27  Queen  
  106  9:29  Drone x3  
  113  9:34  Drone  
Tags
 
Add a new tag
Caveats
  • Supply blocks, unpowered buildings, or Contaminate may cause inaccurate times.
  • Supply counts are checked every 10 seconds.